 Dungeon Crawl Stone Soup version 0.17-a0-2122-g03d97ec (webtiles) character file.

53 Duffy the Chopper (level 3, -11/31 HPs)
             Began as a Hill Orc Berserker on Oct 21, 2015.
             Was a Believer of Trog.
             Mangled by a gnoll
             ... wielding a +0 halberd
              (18 damage)
             ... on level 2 of the Dungeon.
             The game lasted 00:01:23 (2083 turns).

Duffy the Chopper (Hill Orc Berserker)              Turns: 2083, Time: 00:01:23

Health: -11/31     AC:  2    Str: 19    XL:     3   Next: 89%
Magic:  3/3        EV: 12    Int:  8    God:    Trog [**....]
Gold:   71         SH:  0    Dex: 10    Spells: 0 memorised, 2 levels left

rFire  . . .     SeeInvis .     a - +0 hand axe
rCold  . . .     Clarity  .     b - +0 animal skin
rNeg   . . .     SustAt   .     (no shield)
rPois  .         Gourm    .     (no helmet)
rElec  .         Spirit   .     (no cloak)
rCorr  .         Warding  .     (no gloves)
rMut   .         Stasis   .     (no boots)
MR     .....                    (no amulet)
Stlth  +.........               (no ring)
                                (no ring)

@: not resistant to hostile enchantments, very unstealthy
A: no striking features
a: Berserk, Trog's Hand, Burn Spellbooks, Renounce Religion


You were on level 2 of the Dungeon.
You worshipped Trog.
Trog was pleased with you.
You were not hungry.

You visited 1 branch of the dungeon, and saw 2 of its levels.

You collected 71 gold pieces.


   Skills:
 - Level 3.6 Fighting
 + Level 6.2 Axes
 - Level 2.1 Armour
 - Level 1.5 Dodging


You had 2 spell levels left.
You didn't know any spells.

Inventory:

Hand Weapons
 a - a +0 hand axe (weapon)
Missiles
 d - 41 stones (quivered)
Armour
 b - a +0 animal skin (worn)
Scrolls
 f - a scroll of enchant weapon {unknown}
 g - a scroll of magic mapping {unknown}
 j - a scroll of random uselessness {unknown}
 n - 4 scrolls of identify {unknown}
 p - a scroll of teleportation {unknown}
 r - a scroll of remove curse {unknown}
Potions
 e - a potion of resistance {unknown}
 h - a potion of invisibility {unknown}
 i - a potion of flight {unknown}
 k - a potion of cancellation {unknown}
 l - 2 potions of heal wounds {unknown}
 q - a potion of magic {unknown}
Comestibles
 c - 2 bread rations
 m - a meat ration
 o - 4 chunks of flesh

Dungeon Overview and Level Annotations

Branches:
Dungeon (2/15)

Altars:


Message History

A gnoll is nearby!
The gnoll shouts!
The gnoll hits you with a club.
You slash the gnoll!
The gnoll is severely wounded.
The gnoll hits you but does no damage.
You hit the gnoll.
The gnoll is severely wounded.
The gnoll hits you with a club!
You hit the gnoll but do no damage.
The gnoll is severely wounded.
The gnoll hits you with a club.
You are too injured to fight recklessly!
You are too injured to fight recklessly!
The gnoll throws a throwing net.
The throwing net hits you.
You become entangled in the net!
You see here a throwing net.
You slice into the net.
You struggle against the net.
The gnoll hits you with a club.
You slice the net and break free! The gnoll barely misses you.
A gnoll comes into view.
You barely miss the gnoll.
The gnoll is severely wounded.
The gnoll shouts!
The gnoll barely misses you.
A gnoll comes into view. It is wielding a halberd.
The gnoll throws a throwing net.
The throwing net hits you.
You become entangled in the net!
You see here a throwing net.
You slice into the net.
You struggle against the net.
You slice the net and break free! The gnoll hits you but does no damage.
The gnoll hits you from afar with a halberd!!
Ouch! That really hurt!
You die...

#.
##.####.....
#.###.......#
#...........#
#####.......#
##.##.#.#
#.##.#.#
#.##.#.#
##......#####
#....@.†....#
#.###gg.###.#
#g..# #...#
#.........
#.#.##....
..#.. ...
####### .. .


You could see 3 gnolls.

Action                   || total
-------------------------++-------
Melee: Hand axe          ||   143
  Eat: Chunk             ||     4

Notes
Turn   | Place    | Note
--------------------------------------------------------------
     0 | D:1      | Duffy the Hill Orc Berserker began the quest for the Orb.
     0 | D:1      | Reached XP level 1. HP: 19/19 MP: 1/1
   308 | D:1      | Reached XP level 2. HP: 24/26 MP: 2/2
   961 | D:1      | Reached skill level 5 in Axes
  1088 | D:1      | Reached XP level 3. HP: 26/31 MP: 3/3
  1853 | D:2      | Reached skill level 6 in Axes
  1859 | D:2      | Reached ** piety under Trog
  2083 | D:2      | Mangled by a gnoll

Vault maps used:
D:1:      dpeg_arrival_solitude, serial_forest, infiniplex_forest_lined_room_,
          infiniplex_forest_lined_room_2, infiniplex_forest_lined_room_2,
          infiniplex_forest_clump_curved, infiniplex_forest_lined_2,
          infiniplex_forest_side_room
D:2:      grunt_gozag_breadcrumbs, nicolae_ru_great_annihilating_truth,
          first_bread

Vanquished Creatures
  An adder
  2 oozes
  6 bats
  3 giant cockroaches
  4 hobgoblins
  4 jackals
  6 kobolds
  3 giant newts
  2 goblins
  2 rats
33 creatures vanquished.
